 Dungeon Crawl Stone Soup version 0.18.1-50-g88ac8fd (webtiles) character file.

7086 cedor the Carver (level 10, -1/67 HPs)
             Began as a Demonspawn Warper on Sept 22, 2016.
             Was a High Priest of Okawaru.
             Slain by a hill giant
             ... wielding a +0 giant spiked club
              (27 damage)
             ... on level 10 of the Dungeon.
             The game lasted 00:37:49 (7590 turns).

cedor the Carver (Demonspawn Warper)                Turns: 7590, Time: 00:37:49

Health: -1/67      AC: 13    Str: 11    XL:     10   Next: 84%
Magic:  11/14      EV: 21    Int: 17    God:    Okawaru [*****.]
Gold:   522        SH:  0    Dex: 14    Spells: 5 memorised, 3 levels left

rFire  . . .     SeeInvis .     a - +0 scimitar (flame)
rCold  + . .     Gourm    .     W - +2 robe {rC+}
rNeg   + . .     Faith    .     (no shield)
rPois  .         Spirit   .     (no helmet)
rElec  .         Dismiss  .     F - +0 cloak
rCorr  .         Reflect  .     (no gloves)
SustAt .         Harm     .     (no boots)
MR     .....                    (no amulet)
Stlth  +++++++...               (no ring)
                                i - ring of positive energy

@: heroism, not resistant to hostile enchantments, extremely stealthy
A: iridescent scales 3, nightstalker 2, spiny 2
a: Heroism, Finesse, Renounce Religion


You were on level 10 of the Dungeon.
You worshipped Okawaru.
Okawaru was extremely pleased with you.
You were hungry.

You visited 2 branches of the dungeon, and saw 11 of its levels.
You also visited: Ossuary.

You collected 606 gold pieces.
You spent 84 gold pieces at shops.


Innate Abilities, Weirdness & Mutations

You are completely covered in iridescent scales (AC +8).
You are significantly more attuned to the shadows.
You are mostly covered in sharp spines.


   Skills:
 - Level 2.1(7.1) Fighting
 + Level 9.3(14.3) Long Blades
 - Level 1.0(6.0) Throwing
 - Level 0.8(5.8) Armour
 + Level 9.2(14.2) Dodging
 - Level 6.5(11.5) Stealth
 - Level 3.0 Spellcasting
 - Level 6.0 Translocations


You had 3 spell levels left.
You knew the following spells:

 Your Spells              Type           Power        Failure   Level  Hunger
a - Shroud of Golubria    Chrm/Tloc      ##........   10%         2    ##.....
b - Blink                 Tloc           N/A          2%          2    ##.....
e - Apportation           Tloc           ###.......   1%          1    None
w - Passage of Golubria   Tloc           N/A          17%         4    ####...
z - Teleport Other        Tloc           ###.....     6%          3    ###....

Inventory:

Hand Weapons
 a - a +0 scimitar of flaming (weapon)
 b - a +0 blowgun
 t - a +1 antimagic falchion
 V - a +2 scimitar of freezing
Missiles
 e - 5 tomahawks of dispersal {=f}
 j - 79 stones (quivered)
 k - 7 poisoned javelins
 n - 37 poisoned needles
 p - 4 tomahawks
 U - 6 curare-tipped needles {=f}
Armour
 m - a +1 leather armour
 s - a +0 shield
 F - a +0 cloak (worn)
 T - a +2 robe of magic resistance
 W - a +2 robe of cold resistance (worn)
Jewellery
 i - a ring of positive energy (left hand)
 J - an uncursed ring of fire
Wands
 o - a wand of iceblast (0/15)
 B - a wand of random effects (20/48)
 I - a wand of teleportation (8/9) {!d@v4}
Scrolls
 d - a scroll of blinking
 w - a scroll of fog
 x - 5 scrolls of remove curse
 y - a scroll of acquirement
 z - 5 scrolls of teleportation {@r4}
 E - a scroll of immolation {!r}
 K - 2 scrolls of enchant armour
 N - 2 scrolls of enchant weapon
Potions
 g - 2 potions of brilliance {unknown}
 h - 3 potions of berserk rage {!q}
 r - 3 potions of curing {unknown}
 u - 2 potions of resistance
 v - 3 potions of haste {unknown}
 A - 4 potions of flight
 G - a potion of lignification {unknown}
 M - 2 potions of degeneration {unknown}
 O - a potion of invisibility {unknown}
 Q - a potion of agility {unknown}
Books
 c - a book of Spatial Translocations

   Spells                             Type                      Level
   a - Apportation                    Translocation                1
   b - Blink                          Translocation                2
   c - Shroud of Golubria             Charms/Translocation         2
   d - Portal Projectile              Translocation                3
   e - Teleport Other                 Translocation                3
   f - Passage of Golubria            Translocation                4
 q - a book of the Dragon

   Spells                             Type                      Level
   a - Flame Tongue                   Conjuration/Fire             1
   b - Cause Fear                     Hexes                        4
   c - Bolt of Fire                   Conjuration/Fire             6
   d - Dragon Form                    Transmutation                7
   e - Dragon's Call                  Summoning                    9
 L - a Necronomicon

   Spells                             Type                      Level
   a - Haunt                          Necromancy/Summoning         7
   b - Borgnjor's Revivification      Necromancy                   8
   c - Death's Door                   Charms/Necromancy            8
   d - Necromutation                  Transmutation/Necromancy     8
 P - a Necronomicon

   Spells                             Type                      Level
   a - Haunt                          Necromancy/Summoning         7
   b - Borgnjor's Revivification      Necromancy                   8
   c - Death's Door                   Charms/Necromancy            8
   d - Necromutation                  Transmutation/Necromancy     8
Comestibles
 f - 5 bread rations
 l - a beef jerky
 C - 4 meat rations
 H - 3 chunks of flesh
 R - a royal jelly
 S - a slice of pizza

Dungeon Overview and Level Annotations

Branches:
Dungeon (10/15)            Temple (1/1) D:6            Lair (0/8) D:8
    Orc (0/2) D:10

Altars:
Ashenzari
Cheibriados
Dithmenos
Elyvilon
Fedhas
Gozag
Makhleb
Okawaru
Pakellas
Qazlal
Trog
Vehumet
Zin

Shops:
D:9 (

Annotations:
D:6 exclusion: jelly
D:10 Erolcha

░░░,░░░,,,░░░,░░,░,░░░░░░░░░+░░░░
,,,,,,░,,,,,,,░░,,░░░,░░░,,,,,,,,
,░░░░░░░░░░░░░░░,░░ ░░,,░,,,,,,,,
,░ ░░░░,░░░,,,..▒▒ ░░,░,,,,,,,,
,░ ░,,,,,,,,░▒▒!.▒▒ ░░,░░8,,,,,,,
,░ ░,░░,░░░░░░....▒░░,░░░░░░░░░░░
,░ ░,░░,░ ░░...,░,░░ ░,░
,░░░,░░,░ ░▒.▒░,░░ ░,░ ,,,,,,,,░
▒6▒░░░ ░,░░░░ ░░░░,░░░░░ ▒C▒
░,,,,, ,,,,,,,,,░ ▒▒o▒▒ ░░.▒▒▒.
,░░,,░░░,░ ▒▒.o.▒▒ ░......
,░░,░░░░,░ ▒▒.....▒▒ ░░▒.[....
,░░,░░,░,░ ░▒...?...▒▒ ░,.......
,,,,,,,,,░░▒.........▒▒▒▒.▒...8..
░░░,,,,,,,,+.....................
░,,,,,░░░▒.....................


You could see a hill giant, an orc warrior and an orc.


Message History

* * * LOW HITPOINT WARNING * * *
Your shroud falls apart!
The ice beast barely misses you.
You see here a griffon corpse.
You see here 7 poisoned javelins.
k - 7 poisoned javelins The ice beast is struck by your spines.
The ice beast barely misses you.
You slash the ice beast!
You melt the ice beast.
The ice beast is almost dead.
The orc warrior closely misses you. The ice beast is struck by your spines.
You kill the ice beast!
Okawaru accepts your kill.
An orc comes into view.
You feel like a meek peon again.
Found a scroll of immolation.
Found a scroll of identify.
A hill giant comes into view. It is wielding a giant spiked club.
The hill giant shouts!
You open the door.
The orc warrior hits you from afar with a halberd!
* * * LOW HITPOINT WARNING * * *
Erolcha casts a spell.
Erolcha seems to speed up.
There is an open door here.
Found a yellow potion.
Use which ability? (? or * to list)
You gain the combat prowess of a mighty hero.
You feel slightly more hungry.
The hill giant hits you with a giant spiked club!!
You die...

Action                   |  1- 3 |  4- 6 |  7- 9 | 10-12 || total
-------------------------+-------+-------+-------+-------++-------
Melee: Falchion          |    58 |    99 |   214 |       ||   371
       Scimitar          |       |       |    44 |   158 ||   202
 Fire: Blowgun           |       |       |       |     2 ||     2
Throw: Stone             |       |       |     2 |       ||     2
 Cast: Apportation       |     1 |       |     1 |       ||     2
       Shroud of Golubri |       |       |     8 |     3 ||    11
Invok: Heroism           |       |       |     5 |     2 ||     7
Evoke: Wand              |     1 |       |     4 |       ||     5
  Use: Scroll            |     4 |     5 |     6 |     4 ||    19
       Potion            |       |       |       |     1 ||     1
 Stab: Sleeping          |     4 |     1 |    13 |    13 ||    31
       Distracted        |       |       |     1 |     3 ||     4
  Eat: Chunk             |       |     1 |    10 |     3 ||    14
       Beef jerky        |       |     1 |       |     1 ||     2
       Bread ration      |       |     1 |       |       ||     1
       Fruit             |       |       |       |     1 ||     1
Armor: Leather armour    |    11 |    35 |    86 |    18 ||   150
       Robe              |       |       |       |    16 ||    16
Dodge: Dodged            |    41 |    55 |   156 |   119 ||   371

Vault maps used:
D:1:      sevenhm_arrival_forest_fort_large_4
D:2:      kiku_gazebo_garden_becter, uniq_jessica
D:3:      grunt_temple_overflow_open, first_bread
D:5:      nicolae_ossuary_entry_plus
D:6:      minmay_temple_entry_large_hall, elyvilon_altar_3
D:7:      lemuel_crystal_altar, the_bakery, hangedman_feature_mirror
D:8:      minmay_lair_entry_lava, uniq_erica, uniq_joseph
D:9:      serial_shops, nicolae_shop_statue_plus, uniq_psyche
D:10:     minmay_klotski, orc_0_dummy, serial_ice, serial_ice_h, serial_ice_n,
          serial_ice_d, serial_ice_b, enter_bailey_1, trog_wizard, uniq_erolcha
Temple:   eino_temple_water_12
Ossuary:  ossuary_minmay_tomb_2a

Notes
Turn   | Place    | Note
--------------------------------------------------------------
     0 | D:1      | cedor the Demonspawn Warper began the quest for the Orb.
     0 | D:1      | Reached XP level 1. HP: 16/16 MP: 3/3
    28 | D:1      | Reached skill level 1 in Throwing
   128 | D:1      | Reached skill level 2 in Dodging
   149 | D:1      | Gained mutation: You are slightly more attuned to the shadows. [demonic ancestry]
   149 | D:1      | Reached XP level 2. HP: 13/22 MP: 5/5
   414 | D:2      | Reached skill level 2 in Long Blades
   646 | D:3      | Reached skill level 3 in Translocations
   895 | D:3      | Learned a level 2 spell: Blink
   898 | D:3      | Learned a level 2 spell: Shroud of Golubria
   955 | D:4      | Reached skill level 1 in Stealth
   955 | D:4      | Gained mutation: You are partially covered in sharp spines. [demonic ancestry]
   955 | D:4      | Reached XP level 3. HP: 27/27 MP: 6/6
  1076 | D:4      | Gained mutation: You are partially covered in iridescent scales (AC +4). [demonic ancestry]
  1076 | D:4      | Reached XP level 4. HP: 22/33 MP: 7/7
  1198 | D:4      | Reached skill level 2 in Stealth
  1198 | D:4      | Gained mutation: You are mostly covered in iridescent scales (AC +6). [demonic ancestry]
  1198 | D:4      | Reached XP level 5. HP: 19/38 MP: 8/8
  1356 | D:5      | Entered Level 5 of the Dungeon
  1506 | D:5      | Reached skill level 3 in Long Blades
  1539 | D:5      | Noticed a centaur
  1547 | D:5      | Killed a centaur
  1547 | D:5      | Reached skill level 3 in Dodging
  1547 | D:5      | Reached XP level 6. HP: 39/44 MP: 6/9
  1584 | D:5      | Found a sand-covered staircase.
  1588 | Ossuary  | Entered an ossuary
  1632 | Ossuary  | Reached skill level 4 in Translocations
  1674 | Ossuary  | Reached skill level 3 in Stealth
  2123 | D:5      | Identified 2 scrolls of acquirement
  2137 | D:5      | Gained mutation: You are significantly more attuned to the shadows. [demonic ancestry]
  2137 | D:5      | Reached XP level 7. HP: 42/50 MP: 7/10
  2271 | D:5      | Reached skill level 4 in Long Blades
  2428 | D:5      | Identified 2 potions of resistance
  2774 | D:6      | Found a white marble altar of Elyvilon.
  2781 | D:6      | Reached skill level 4 in Dodging
  3054 | D:6      | Identified a wand of teleportation
  3224 | D:6      | Reached skill level 5 in Translocations
  3253 | D:6      | Learned a level 3 spell: Teleport Other
  3304 | D:6      | Found a staircase to the Ecumenical Temple.
  3319 | Temple   | Entered the Ecumenical Temple
  3393 | Temple   | Became a worshipper of Warmaster Okawaru
  3520 | D:6      | Reached skill level 4 in Stealth
  3579 | D:7      | Gained mutation: You are completely covered in iridescent scales (AC +8). [demonic ancestry]
  3579 | D:7      | Reached XP level 8. HP: 56/56 MP: 11/11
  3761 | D:7      | Found a blossoming altar of Fedhas.
  3796 | D:7      | Found an opulent altar of Gozag.
  3879 | D:7      | Found a radiant altar of Vehumet.
  3915 | D:7      | Reached * piety under Okawaru
  3915 | D:7      | Reached skill level 5 in Long Blades
  4127 | D:7      | Reached skill level 5 in Dodging
  4127 | D:7      | Reached skill level 5 in Stealth
  4201 | D:7      | Reached skill level 3 in Spellcasting
  4610 | D:7      | Reached ** piety under Okawaru
  4835 | D:7      | Reached skill level 6 in Translocations
  4835 | D:7      | Gained mutation: You are mostly covered in sharp spines. [demonic ancestry]
  4835 | D:7      | Reached XP level 9. HP: 61/61 MP: 13/13
  4841 | D:7      | Learned a level 4 spell: Passage of Golubria
  5050 | D:8      | Found a staircase to the Lair.
  5118 | D:8      | Noticed Erica
  5149 | D:8      | Killed Erica
  5149 | D:8      | Reached *** piety under Okawaru
  5149 | D:8      | Reached skill level 6 in Long Blades
  5149 | D:8      | Reached skill level 6 in Dodging
  5149 | D:8      | Reached skill level 6 in Stealth
  5661 | D:8      | Noticed a hill giant
  5674 | D:8      | Killed a hill giant
  5674 | D:8      | Reached skill level 7 in Long Blades
  5674 | D:8      | Reached skill level 7 in Dodging
  5768 | D:8      | Reached XP level 10. HP: 44/67 MP: 14/14
  6172 | D:8      | Reached **** piety under Okawaru
  6445 | D:9      | Noticed Psyche
  6457 | D:9      | Killed Psyche
  6457 | D:9      | Reached skill level 8 in Long Blades
  6457 | D:9      | Reached skill level 8 in Dodging
  6770 | D:9      | Found Toreeplu's Antique Weapon Shoppe.
  6773 | D:9      | Bought a runed falchion for 84 gold pieces
  7444 | D:10     | Entered Level 10 of the Dungeon
  7469 | D:10     | Reached ***** piety under Okawaru
  7475 | D:10     | Reached skill level 9 in Long Blades
  7548 | D:10     | Noticed Erolcha
  7554 | D:10     | Noticed a griffon
  7572 | D:10     | Killed a griffon
  7572 | D:10     | Reached skill level 9 in Dodging
  7573 | D:10     | Received a gift from Okawaru
  7583 | D:10     | Noticed a hill giant
  7590 | D:10     | Slain by a hill giant

Vanquished Creatures
  Erica (D:8)
  A hill giant (D:8)
  A griffon (D:10)
  Psyche (D:9)
  A polar bear (D:10)
  3 yaks (D:9)
  A hippogriff (D:7)
  A water moccasin (D:9)
  2 hell hounds (D:8)
  3 ice beasts
  A black bear (D:6)
  An eye of draining (D:9)
  A sky beast (D:8)
  A wolf (D:10)
  6 centaurs
  3 ogres
  2 big kobolds (D:9)
  An elf zombie (Ossuary)
  6 giant frogs
  A water moccasin zombie (D:9)
  A gnoll sergeant (D:8)
  4 scorpions
  A water moccasin skeleton (D:8)
  4 wights (D:10)
  6 killer bees (D:7)
  4 crimson imps
  2 giant frog zombies
  A quasit (D:8)
  A human zombie (Ossuary)
  5 hounds
  A jelly (D:7)
  3 orc priests
  6 orc wizards
  A giant frog skeleton (D:5)
  A gnoll shaman (D:7)
  3 iguanas
  6 worker ants
  A killer bee zombie (D:8)
  A big kobold zombie (Ossuary)
  A hound zombie (Ossuary)
  A hound skeleton (D:4)
  4 mummies (Ossuary)
  13 gnolls
  5 adders
  A shadow imp (D:8)
  An ufetubus (D:10)
  An ooze (D:4)
  An adder zombie (Ossuary)
  An adder skeleton (D:8)
  2 dart slugs (D:4)
  A giant gecko (D:1)
  22 orcs
  A bat (D:2)
  2 hobgoblins
  5 jackals
  A quokka (D:5)
  A giant newt (D:3)
  3 gnoll zombies (Ossuary)
  5 goblins
  A hobgoblin zombie (Ossuary)
  A jackal zombie (Ossuary)
  22 kobolds
  An orc zombie (Ossuary)
  A quokka skeleton (D:7)
  A quokka zombie (D:5)
  3 rats
  A rat zombie (Ossuary)
193 creatures vanquished.

Vanquished Creatures (others)
  A big kobold (D:8)
1 creature vanquished.

Grand Total: 194 creatures vanquished
